 Dungeon Crawl Stone Soup version 0.20-a0-957-g47ad1fd (webtiles) character file.

43 Hybris the Caller (level 3, -9/24 HPs)
             Began as a Mummy Summoner on Apr 5, 2017.
             Mangled by a gnoll
             ... wielding a +0 halberd
              (12 damage)
             ... on level 2 of the Dungeon.
             The game lasted 00:03:44 (1197 turns).

Hybris the Caller (Mummy Summoner)                  Turns: 1197, Time: 00:03:45

Health: -9/24      AC:  3    Str: 11    XL:     3   Next: 37%
Magic:  2/7        EV: 12    Int: 15    God:
Gold:   62         SH:  0    Dex: 12    Spells: 1/7 levels left

rFire    x . .     SeeInvis .   e - +0 dagger
rCold    + . .     Gourm    .   (no shield)
rNeg     + + +     Faith    .   a - +0 robe
rPois    ∞         Spirit   .   f - +0 helmet
rElec    .         Reflect  .   (no cloak)
rCorr    .         Harm     .   (no gloves)
MR       .....                  (no boots)
Stlth    ++........             (no amulet)
Regen    0.1/turn               (no ring)
MPRegen  0.1/turn               (no ring)

@: no status effects
A: no food or potions, fire vulnerability, cold resistance 1, negative energy
resistance 3, torment resistance, unbreathing
a: no special abilities


You were on level 2 of the Dungeon.
You were not hungry.

You visited 1 branch of the dungeon, and saw 2 of its levels.

You collected 62 gold pieces.

Inventory:

Hand Weapons
 e - a +0 dagger (weapon)
Armour
 a - a +0 robe (worn)
 f - a +0 helmet (worn)
Scrolls
 c - 3 scrolls of identify
 d - a scroll of recharging
 g - a scroll of remove curse {unknown}
 h - a scroll of fear {unknown}
Books
 b - a book of Callings

   Spells                             Type                      Level
   a - Summon Small Mammal            Summoning                    1
   b - Call Imp                       Summoning                    2
   c - Call Canine Familiar           Summoning                    3
   d - Summon Guardian Golem          Hexes/Summoning              3
   e - Summon Lightning Spire         Summoning/Air                4
   f - Summon Ice Beast               Ice/Summoning                4


   Skills:
 - Level 1.5 Dodging
 - Level 1.5 Stealth
 - Level 2.6 Spellcasting
 * Level 4.3 Summonings


You had one spell level left.
You knew the following spells:

 Your Spells              Type           Power        Failure   Level  Hunger
a - Summon Small Mammal   Summ           ##..         4%          1    N/A
b - Call Imp              Summ           ##......     8%          2    N/A
c - Call Canine Familiar  Summ           ##......     14%         3    N/A

Dungeon Overview and Level Annotations

Branches:
Dungeon (2/15)

Altars:


Innate Abilities, Weirdness & Mutations

You do not eat or drink.
Your flesh is vulnerable to fire.
You are immune to poison.
Your flesh is cold resistant. (rC+)
You are immune to negative energy. (rN+++)
You are immune to unholy pain and torment.
You can survive without breathing.


Message History

The gnoll is lightly wounded.
The gnoll hits you.
You hit the gnoll but do no damage.
The gnoll is lightly wounded.
The gnoll hits you.
You hit the gnoll.
The gnoll is moderately wounded.
The gnoll hits you!
* * * LOW HITPOINT WARNING * * *
You hit the gnoll.
The gnoll is heavily wounded.
The gnoll closely misses you.
You hit the gnoll.
The gnoll is severely wounded.
The gnoll barely misses you.
You barely miss the gnoll.
The gnoll is severely wounded.
The gnoll hits you from afar with a halberd!
Ouch! That really hurt!
You die...

#.#
#########
#.#
#........
#..
#.#######
#.# #.#
#.#.# #.#
#.#.# #.#
#####.#.#
#.#
.........#.#
######.###
#.........@#
#........#
#.........g#
#.......)#
.......g..#
#........#
.........#
#........#
#..#####.#
#........#
#......#.#
#........#
#......#.#
######'###
#(.....#.#
#.#
#......#)#
#.#


You could see 2 gnolls.

Vanquished Creatures
  An ooze (D:1)
  A leopard gecko (D:2)
  A bat (D:1)
  2 giant cockroaches
  3 hobgoblins
  2 kobolds (D:1)
  3 frilled lizards
  4 rats
17 creatures vanquished.

Vanquished Creatures (collateral kills)
  2 gnolls
  2 dart slugs (D:1)
  2 giant cockroaches (D:1)
  2 goblins (D:1)
  4 hobgoblins (D:1)
  2 kobolds (D:1)
  2 rats (D:1)
16 creatures vanquished.

Grand Total: 33 creatures vanquished

Notes
Turn   | Place    | Note
-------+----------+-------------------------------------------
     0 | D:1      | Hybris the Mummy Summoner began the quest for the Orb.
     0 | D:1      | Reached XP level 1. HP: 13/13 MP: 4/4
   192 | D:1      | Reached XP level 2. HP: 19/19 MP: 1/5
   196 | D:1      | Learned a level 2 spell: Call Imp
   665 | D:1      | Reached skill level 4 in Summonings
   717 | D:1      | Reached XP level 3. HP: 18/24 MP: 5/7
   722 | D:1      | Learned a level 3 spell: Call Canine Familiar
  1197 | D:2      | Mangled by a gnoll

Vault maps used:
D:1:      grunt_arrival_crossed_arrows
D:2:      uniq_robin

Skill      XL: |  1  2 |
---------------+-------+-----
Summonings     | 4 |  4.3
Dodging        | |  1.5
Stealth        | |  1.5
Spellcasting   | |  2.6

Action                   || total
-------------------------++-------
Melee: Unarmed           ||     2
       Dagger            ||   113
 Cast: Summon Small Mamm ||    17
       Call Imp          ||     6
       Call Canine Famil ||     2
  Use: Scroll            ||     1
 Stab: Sleeping          ||     3
       Distracted        ||     1
Armor: Robe              ||    25
Dodge: Dodged            ||    70
